 Dungeon Crawl Stone Soup version 0.28.0-53-g5a82cb258f (webtiles) character file.

Game seed: 8932060083984101988

164 mcbry74 the Poker (level 5, -2/41 (42) HPs)
             Began as a Merfolk Fighter on July 25, 2022.
             Slain by a river rat (4 damage)
             ... in a sewer.
             The game lasted 00:04:53 (2339 turns).

mcbry74 the Poker (Merfolk Fighter)                 Turns: 2339, Time: 00:04:54

HP:   -2/41 (42)    AC:  6    Str: 16    XL:     5   Next: 45%
MP:   5/5           EV: 10    Int: 10    God:
Gold: 63            SH:  4    Dex: 13    Spells: 4/4 levels left

rFire   . . .      SeeInvis .   a - +0 trident
rCold   . . .      Faith    .   c - +0 buckler
rNeg    . . .      Spirit   .   b - +0 scale mail
rPois   .          Reflect  .   (no helmet)
rElec   .          Harm     .   (no cloak)
rCorr   .          Rampage  .   (no gloves)
Will    .....                   (boots currently unavailable)
Stlth   +.........              (no amulet)
HPRegen 0.13/turn               (no ring)
MPRegen 0.09/turn               (no ring)

@: lightly drained, very quick
A: nimble swimmer 2, mertail
a: no special abilities


You were in a sewer.
You visited 1 branch of the dungeon, and saw 3 of its levels.
You also visited: Sewer.

You collected 63 gold pieces.

Inventory:

Hand Weapons
 a - a +0 trident (weapon)
Missiles
 l - 3 poisoned darts (quivered)
Armour
 b - a +0 scale mail (worn)
 c - a +0 buckler (worn)
Jewellery
 n - a ring of magical power
Scrolls
 e - a scroll of noise {unknown}
 f - 2 scrolls of teleportation {unknown}
 g - a scroll of blinking {unknown}
 h - 3 scrolls of vulnerability {unknown}
 i - a scroll of fog {unknown}
 m - 3 scrolls of identify {unknown}
 o - a scroll of torment {unknown}
Potions
 d - a potion of might
 j - a potion of ambrosia {unknown}
 k - a potion of flight {unknown}


   Skills:
 + Level 4.3 Fighting
 * Level 6.1 Polearms
 + Level 2.9 Armour
 - Level 3.0 Shields


You had 4 spell levels left.
You didn't know any spells.
Your spell library contained the following spells:

 Spells                   Type           Power      Damage    Failure   Level
 Summon Small Mammal      Summ           0%         N/A       87%         1
 Call Canine Familiar     Summ           0%         N/A       99%         3
 Inner Flame              Hex/Fire       0%         N/A       99%         3
 Summon Guardian Golem    Hex/Summ       0%         N/A       99%         3
 Cause Fear               Hex            0%         N/A       100%        4
 Discord                  Hex            0%         N/A       100%        8


Dungeon Overview and Level Annotations

Branches:
Dungeon (3/15)              Sewer (1/1)

Altars:


Innate Abilities, Weirdness & Mutations

You are very nimble when in or above water. (Stealth+, EV+, Speed+++)
Your lower body shifts to a powerful aquatic tail in water.


Message History

The hell rat is lightly wounded.
The hell rat splashes around in the water.
You hit the hell rat.
The hell rat is heavily wounded.
You block the hell rat's attack. The hell rat bites you.
You hit the hell rat but do no damage.
The hell rat is heavily wounded.
The hell rat bites you.
You barely miss the hell rat.
The hell rat is heavily wounded.
The hell rat bites you!
You are too injured to fight recklessly!
A river rat comes into view.
There is an open door here.
You are too injured to fight recklessly!
Your legs become a tail as you enter the water.
You are too injured to fight recklessly!
You are too injured to fight recklessly!
You hit the hell rat but do no damage.
The hell rat is heavily wounded.
You completely miss the hell rat. You tail-slap the hell rat.
The hell rat is heavily wounded.
The hell rat barely misses you. The hell rat completely misses you.
You hit the hell rat.
The hell rat is almost dead.
The hell rat closely misses you.
You hit the hell rat but do no damage.
The hell rat is almost dead.
The river rat barely misses you. The hell rat bites you!
* * * LOW HITPOINT WARNING * * *
You feel drained.
You puncture the hell rat!
You kill the hell rat!
The river rat bites you!
* * * LOW HITPOINT WARNING * * *
Your Polearms skill increases to level 6!
You barely miss the river rat. You tail-slap the river rat.
The river rat is lightly wounded.
The river rat bites you.
You die...

#####
###...###
#≈≈...≈.#
##@.≈.≈≈.##
#.r.###≈≈.#
##≈†##≈##≈.##
#≈≈≈#≈.≈#≈≈≈#
#..##≈.?##††#
#..#.≈≈)!#≈.#
#≈.'≈≈≈?∩#∩∩#
#≈≈#.≈≈??#≈≈#
#..##≈≈!##.≈#


You could see a river rat.

Vanquished Creatures
  An orc wizard (D:3)
  A hell rat (Sewer)
  3 adders (D:2)
  3 river rats
  2 worms
  A dart slug (D:2)
  2 orcs (D:3)
  4 ball pythons
  3 endoplasms
  2 giant cockroaches
  6 hobgoblins
  2 quokkas
  4 bats (D:2)
  5 goblins
  5 kobolds
  15 rats
59 creatures vanquished.

Notes
Turn   | Place    | Note
-------+----------+-------------------------------------------
     0 | D:1      | mcbry74 the Merfolk Fighter began the quest for the Orb.
     0 | D:1      | Reached XP level 1. HP: 18/18 MP: 1/1
   256 | D:1      | Reached XP level 2. HP: 22/24 MP: 2/2
   711 | D:2      | Reached skill level 4 in Polearms
   868 | D:2      | Reached XP level 3. HP: 23/30 MP: 3/3
  1099 | D:2      | Reached XP level 4. HP: 34/37 MP: 4/4
  1235 | D:2      | Reached skill level 5 in Polearms
  1425 | D:2      | Found a faded altar of an unknown god.
  1956 | D:3      | Reached XP level 5. HP: 4/42 MP: 5/5
  2188 | D:3      | Found a glowing drain.
  2205 | Sewer    | Entered a sewer
  2337 | Sewer    | HP: 2/40 [river rat (7)]
  2338 | Sewer    | Reached skill level 6 in Polearms
  2339 | Sewer    | Slain by a river rat

Illustrated notes

Levels and vault maps discovered:
D:1:      ncdulo_lavacross, layout_basic, serial_park_tiny_1
D:2:      layout_rooms, hellmonk_ecumenical_altar_prayer_group, serial_aquarium,
          aquarium_bridge_square [aquarium_subvault_window,
          aquarium_subvault_window, aquarium_subvault_bridge,
          aquarium_subvault_wall], aquarium_bridge_square
          [aquarium_subvault_wall, aquarium_subvault_bridge,
          aquarium_subvault_bridge, aquarium_subvault_wall], aquarium_window_2,
          aquarium_window_fake, aquarium_window_3, aquarium_view_2d,
          aquarium_view_2e
D:3:      layout_basic, portal_sewer_entry_e, uniq_terence, uniq_ijyb
Sewer:    sewer_hellmonk_bad_rat

Skill      XL: |  1  2  3  4  5 |
---------------+----------------+-----
Polearms       | 4 5 6 |  6.1
Fighting       | 4 |  4.3
Armour         | |  2.9
Shields        | |  3.0

Action                   |  1- 3 |  4- 6 || total
-------------------------+-------+-------++-------
Melee: Trident           |    91 |   116 ||   207
       Tailslap          |       |     5 ||     5
Throw: Dart              |       |     2 ||     2
  Use: Potion            |       |     1 ||     1
 Stab: Distracted        |       |     1 ||     1
Armor: Scale mail        |    35 |    25 ||    60
Dodge: Dodged            |    29 |    30 ||    59
Block: Buckler           |    19 |    13 ||    32
